 Dungeon Crawl Stone Soup version 0.21-a0-137-g951aa02 (webtiles) character file.

30369 Chiseanne the Protected (level 13, 0/101 HPs)
             Began as a Gnoll Wanderer on July 16, 2017.
             Was an Initiate of Gozag.
             Slain by an enchanted long sword (4 damage)
             ... on level 14 of the Dungeon on July 19, 2017.
             The game lasted 00:57:47 (18881 turns).

Chiseanne the Protected (Gnoll Wanderer)           Turns: 18881, Time: 00:57:48

Health: 0/101      AC: 26    Str:  7    XL:     13   Next: 51%
Magic:  0/29       EV: 10    Int:  7    God:    Gozag
Gold:   1103       SH:  0    Dex:  7    Spells: 34/37 levels left

rFire    . . .     SeeInvis .   a - +6 long sword of Oppunn {elec, rPois MR+ Int+5 Dex-3}
rCold    + + +     Gourm    .   (no shield)
rNeg     . . .     Faith    .   v - +1 ice dragon scales
rPois    +         Spirit   +   R - +2 helmet
rElec    .         Reflect  .   D - scarf {rC+ rF+}
rCorr    .         Harm     .   G - +1 pair of gloves
MR       +....                  Q - +0 pair of boots
Stlth    ..........             B - amulet of guardian spirit
HPRegen  0.26/turn              p - +6 ring of strength
MPRegen  0.21/turn              T - +3 ring of protection

@: no status effects
A: unchanging attributes, fangs 1, strong nose
a: Potion Petition, Call Merchant, Bribe Branch, Renounce Religion


You were on level 14 of the Dungeon.
You worshipped Gozag.
Gozag was most pleased with you.
You were not hungry.

You visited 2 branches of the dungeon, and saw 15 of its levels.
You also visited: Ice Cave.

You collected 4082 gold pieces.
You spent 1810 gold pieces at shops.
You paid 1169 gold pieces to Gozag.

Inventory:

Hand Weapons
 a - the +6 long sword of Oppunn (weapon) {elec, rPois MR+ Int+5 Dex-3}
   (You bought it in a shop on level 9 of the Dungeon)

   Occasionally, upon striking a foe, it will discharge some electrical energy
   and cause terrible harm.
   It affects your intelligence (+5).
   It affects your dexterity (-3).
   It protects you from poison.
   It affects your resistance to hostile enchantments.
 d - a +5 bardiche of freezing
 f - a +2 war axe of flaming
 h - a +0 executioner's axe of freezing
 s - a +6 glaive of protection
Missiles
 l - 120 sling bullets
 m - 72 bolts
 r - 328 arrows
 u - 12 poisoned needles
Armour
 v - +1 ice dragon scales (worn)
 D - a scarf of resistance (worn)
 G - a +1 pair of gloves (worn)
 Q - a +0 pair of boots (worn)
 R - a +2 helmet (worn)
 Y - a +1 cloak of magic resistance
Jewellery
 p - a +6 ring of strength (left hand)
 A - an uncursed ring of flight
 B - an amulet of guardian spirit (around neck)
 T - a +3 ring of protection (right hand)
Wands
 e - a wand of iceblast (6/15)
 K - a wand of disintegration (0/24)
 L - a wand of lightning (1/15)
 M - a wand of confusion (17/48)
 U - a wand of lightning (4/15)
Scrolls
 c - 4 scrolls of teleportation
 j - 3 scrolls of recharging
 n - 5 scrolls of amnesia
 F - 2 scrolls of remove curse
 N - 2 scrolls of identify
Potions
 i - 3 potions of brilliance
 w - 2 potions of mutation
 x - 4 potions of flight
 z - a potion of heal wounds
 E - 3 potions of curing
 H - 2 potions of agility
 J - 3 potions of magic
 W - 2 potions of cancellation
Books
 b - Faemniw's Incunabulum of Envenoming

   Spells                             Type                      Level
   a - Sting                          Conjuration/Poison           1
   b - Ignite Poison                  Fire/Transmutation/Poison    3
 o - a book of Frost

   Spells                             Type                      Level
   a - Freeze                         Ice                          1
   b - Throw Frost                    Conjuration/Ice              2
   c - Ozocubu's Armour               Charms/Ice                   3
   d - Throw Icicle                   Conjuration/Ice              4
   e - Summon Ice Beast               Ice/Summoning                4
 q - a book of Maledictions

   Spells                             Type                      Level
   a - Corona                         Hexes                        1
   b - Ensorcelled Hibernation        Hexes/Ice                    2
   c - Confuse                        Hexes                        3
   d - Tukima's Dance                 Hexes                        3
   e - Dazzling Spray                 Conjuration/Hexes            3
 O - a book of Changes

   Spells                             Type                      Level
   a - Beastly Appendage              Transmutation                1
   b - Sticks to Snakes               Transmutation                2
   c - Spider Form                    Transmutation/Poison         3
   d - Ice Form                       Ice/Transmutation            4
   e - Blade Hands                    Transmutation                5
Miscellaneous
 Z - 2 sacks of spiders
Comestibles
 g - 3 bread rations
 I - 3 meat rations


   Skills:
 - Level 9.5 Fighting
   Level 7.2(9.1) Short Blades
 - Level 8.4(9.6) Long Blades
 * Level 8.0 Polearms
 - Level 2.6 Throwing
 * Level 13.3 Armour
 - Level 12.0 Dodging
 - Level 12.5 Spellcasting
 - Level 6.6 Ice Magic
   Level 1.3 Earth Magic
 * Level 10.3 Evocations


You had 34 spell levels left.
You knew the following spells:

 Your Spells              Type           Power        Failure   Level  Hunger
a - Freeze                Ice            ##..         8%          1    None
b - Throw Frost           Conj/Ice       #.....       41%         2    #......


Dungeon Overview and Level Annotations

Branches:
Dungeon (14/15)            Temple (1/1) D:5            Lair (0/6) D:9
    Orc (0/2) D:12         Vaults (0/5) D:14

Altars:
Ashenzari
Cheibriados
Dithmenos
Elyvilon
Fedhas
Gozag
Hepliaklqana
Kikubaaqudgha
Makhleb
Nemelex Xobeh
Okawaru
Qazlal
Ru
Sif Muna
Trog
Uskayaw
Vehumet
Wu Jian
Xom
Yredelemnul
Zin
The Shining One

Shops:
D:6 (   D:8 (   D:9 (   D:10 *   D:11 !   D:12 (*

Portals:
Trove: D:12 (give +5 fire dragon scales)

Annotations:
D:3 1 runed door


Innate Abilities, Weirdness & Mutations

Your physical attributes are unchanging.
You have very sharp teeth.
Your uncanny sense of smell can sniff out nearby items.


Message History

You closely miss the enchanted long sword.
The enchanted long sword is lightly damaged.
The enchanted long sword barely misses you.
You riposte.
You miss the enchanted long sword. You miss the enchanted long sword.
The enchanted long sword hits you!
* * * LOW HITPOINT WARNING * * *
You hit the enchanted long sword but do no damage.
The enchanted long sword hits you but does no damage.
You hit the enchanted long sword.
The enchanted long sword is lightly damaged.
The enchanted long sword hits you but does no damage. x2
You closely miss the enchanted long sword.
The enchanted long sword is lightly damaged.
The enchanted long sword hits you.
* * * LOW HITPOINT WARNING * * *
You completely miss the enchanted long sword.
The enchanted long sword is lightly damaged.
The enchanted long sword hits you!
You die...
Your body crumbles into a pile of gold.

....# #.# ....... #.#
.......#######.###
.................#
#.#..............#
#.##..#..........[ #.
$#∩#?..#..........#
.$..
#(##..#.........[#
#...#@#...#..........#
#.....$..............#
#.....$..............#
#.....$...##.#########
#.........##...
###############'######
............#
............'
.........<..#


You could see an enchanted long sword.

Vanquished Creatures
  A reaper (IceCv)
  Erolcha (D:13)
  The ghost of Asanbosam the Cleaver, a journeyman DDFi of Makhleb (D:11)
  A hydra (D:14)
  2 centaur warriors (D:12)
  2 two-headed ogres
  A tengu warrior (D:12)
  2 unseen horrors
  Pikel (D:8)
  A deep elf mage (D:12)
  9 ugly things
  A cyclops (D:13)
  An ice statue (IceCv)
  A gargoyle (D:13)
  A kobold demonologist (D:12)
  A komodo dragon (D:12)
  8 ice devils (IceCv)
  A tengu conjurer (D:14)
  A yaktaur (shapeshifter) (D:12)
  4 trolls
  A polar bear (D:13)
  A wolf spider simulacrum (D:13)
  A hornet (D:11)
  A harpy skeleton (D:14)
  4 hippogriffs
  2 wyverns
  Sigmund (D:2)
  A basilisk (D:11)
  3 hogs (D:7)
  A hungry ghost (D:14)
  A human (D:8)
  11 yaks
  Menkaure (D:5)
  2 wargs (D:8)
  2 soldier ants
  A water moccasin (D:12)
  10 orc warriors
  6 ice beasts
  An eye of draining (D:12)
  A black bear (shapeshifter) (D:12)
  2 black bears
  9 ogres
  2 sky beasts (D:8)
  A phantom (D:10)
  6 centaurs
  A wolf (D:13)
  A crocodile (D:9)
  A big kobold (D:11)
  11 bullfrogs
  2 wyvern skeletons
  A hornet simulacrum (D:13)
  5 scorpions
  10 killer bees
  4 wights
  6 howler monkeys
  7 crimson imps
  2 bullfrog zombies
  2 centaur zombies
  Crazy Yiuf (D:3)
  12 hounds
  4 centaur skeletons
  12 orc priests
  2 bullfrog skeletons
  3 jellies
  3 iguanas
  18 orc wizards
  9 worker ants
  A bullfrog simulacrum (D:13)
  A worker ant zombie (D:6)
  4 gnolls (D:5)
  16 adders
  2 shadow imps
  23 white imps
  6 ufetubi
  An ooze (D:3)
  An adder zombie (D:7)
  An adder skeleton (D:9)
  2 dart slugs
  6 leopard geckos
  61 orcs
  A ball python (D:1)
  4 bats
  2 giant cockroaches
  6 goblins
  16 hobgoblins
  6 jackals
  12 kobolds
  6 quokkas
  2 frilled lizards (D:1)
  A leopard gecko skeleton (D:4)
  A leopard gecko zombie (D:5)
  7 rats
419 creatures vanquished.

Vanquished Creatures (collateral kills)
  An ugly thing (D:12)
1 creature vanquished.

Vanquished Creatures (others)
  A dancing weapon (D:14)
  A sky beast (D:13)
  A slave (D:9)
  A centaur (D:9)
  7 white imps (IceCv)
  2 ufetubi (IceCv)
  A quokka (D:9)
14 creatures vanquished.

Grand Total: 434 creatures vanquished

Notes
Turn   | Place    | Note
-------+----------+-------------------------------------------
     0 | D:1      | Chiseanne the Gnoll Wanderer began the quest for the Orb.
     0 | D:1      | Chiseanne set off with: a book of Frost, Faemniw's Incunabulum of Envenoming, a scroll of teleportation, a +0 robe, a +0 club, a bread ration
     0 | D:1      | Reached XP level 1. HP: 13/13 MP: 5/5
     1 | D:1      | Identified Faemniw's Incunabulum of Envenoming
     3 | D:1      | Learned a level 1 spell: Freeze
   318 | D:1      | Reached skill level 1 in Dodging
   606 | D:1      | Reached XP level 2. HP: 20/20 MP: 6/6
   876 | D:1      | Reached skill level 1 in Armour
   921 | D:1      | Reached skill level 1 in Fighting
  1078 | D:1      | Reached XP level 3. HP: 26/27 MP: 8/8
  1419 | D:2      | Reached skill level 2 in Armour
  1514 | D:2      | Noticed Sigmund
  1651 | D:1      | Reached XP level 4. HP: 15/34 MP: 9/9
  2622 | D:2      | Reached skill level 3 in Armour
  2835 | D:2      | Killed Sigmund
  2835 | D:2      | Reached skill level 4 in Armour
  2835 | D:2      | Reached skill level 5 in Dodging
  2835 | D:2      | Reached XP level 5. HP: 23/43 MP: 5/10
  2835 | D:2      | Reached XP level 6. HP: 26/50 MP: 5/11
  3033 | D:2      | Learned a level 2 spell: Throw Frost
  3066 | D:3      | Found a runed door.
  3066 | D:3      | Found a glowing golden altar of the Shining One.
  3066 | D:3      | Noticed an angel
  3121 | D:3      | Found a runed door.
  3360 | D:3      | Reached skill level 5 in Fighting
  3747 | D:3      | Noticed Crazy Yiuf
  3757 | D:3      | Killed Crazy Yiuf
  3757 | D:3      | Reached skill level 5 in Armour
  3996 | D:4      | Found a shadowy altar of Dithmenos.
  4449 | D:4      | Reached XP level 7. HP: 53/57 MP: 12/12
  4734 | D:4      | Reached skill level 6 in Armour
  4839 | D:5      | Entered Level 5 of the Dungeon
  5004 | D:5      | Found a stormy altar of Qazlal.
  5006 | D:5      | Found a shimmering altar of Xom.
  5008 | D:5      | Found a blossoming altar of Fedhas.
  5018 | D:5      | Found a bloodstained altar of Trog.
  5273 | D:5      | Noticed Menkaure
  5429 | D:5      | Found a staircase to the Ecumenical Temple.
  5431 | D:5      | Found a faded altar of an unknown god.
  5440 | Temple   | Entered the Ecumenical Temple
  5586 | D:5      | Killed Menkaure
  5838 | D:5      | Reached XP level 8. HP: 59/67 MP: 13/13
  5852 | D:5      | Found a hazy altar of Hepliaklqana.
  6065 | D:6      | Identified a scroll of acquirement
  6182 | D:6      | Reached skill level 7 in Armour
  6855 | D:6      | Found an opulent altar of Gozag.
  6913 | D:6      | Became a worshipper of Gozag Ym Sagoz the Greedy
  7165 | D:6      | Reached skill level 8 in Armour
  7527 | D:6      | Noticed a hippogriff
  7548 | D:6      | Killed a hippogriff
  7548 | D:6      | Reached XP level 9. HP: 69/74 MP: 11/14
  7654 | D:6      | Found a blossoming altar of Fedhas.
  8890 | D:7      | Found a sparkling altar of Nemelex Xobeh.
  9040 | D:7      | Reached skill level 9 in Armour
  9138 | D:7      | Reached skill level 5 in Spellcasting
  9332 | D:7      | Reached XP level 10. HP: 83/83 MP: 18/18
  9503 | D:8      | Found an iron altar of Okawaru.
  9573 | D:8      | Reached skill level 5 in Short Blades
 10019 | D:8      | Found Aghexar's Antique Weapon Shop.
 10025 | D:8      | Noticed a six-headed hydra
 10807 | D:9      | Noticed Pikel
 10833 | D:8      | Killed Pikel
 10860 | D:9      | Found a staircase to the Lair.
 11405 | D:9      | Noticed a two-headed ogre
 11407 | D:9      | Killed a two-headed ogre
 11490 | D:9      | Bought the +6 long sword of Oppunn {elec, rPois MR+ Int+5 Dex-3} for 716 gold pieces
 11498 | D:10     | Entered Level 10 of the Dungeon
 11692 | D:10     | Found Ajeox's Hallowed Reliquary.
 11692 | D:10     | Found a white marble altar of Elyvilon.
 11692 | D:10     | Noticed an angel
 11749 | D:10     | Noticed an unseen horror
 11760 | D:10     | Killed an unseen horror
 11760 | D:10     | Reached XP level 11. HP: 47/89 MP: 13/23
 12025 | D:10     | Reached skill level 10 in Armour
 12475 | D:10     | You fall through a shaft!
 12475 | D:11     | Noticed a cyan ugly thing
 12490 | D:11     | Killed a cyan ugly thing
 12727 | D:11     | Reached skill level 5 in Long Blades
 12929 | D:11     | Noticed Asanbosam's ghost (journeyman DDFi)
 12953 | D:11     | Killed Asanbosam's ghost
 13287 | D:11     | Found Uvaarour's Distillery.
 13297 | D:11     | Bought a potion of lignification for 39 gold pieces
 13314 | D:11     | Noticed a white ugly thing
 13334 | D:11     | Killed a white ugly thing
 13334 | D:11     | Reached skill level 1 in Evocations
 13638 | D:11     | Noticed a purple ugly thing
 13647 | D:11     | Killed a purple ugly thing
 13825 | D:11     | Reached skill level 5 in Evocations
 14506 | D:12     | Found Nirchazxo's Assorted Antiques.
 14515 | D:12     | Bought a viscous red potion for 26 gold pieces
 14515 | D:12     | Bought a scroll labeled PAEHUT GIXUCVA for 29 gold pieces
 14515 | D:12     | Bought a glowing cloak for 217 gold pieces
 14515 | D:12     | Bought a potion of curing for 87 gold pieces
 14557 | D:12     | Found a staircase to the Orcish Mines.
 14562 | D:12     | Found Fikesot's Weapon Boutique.
 14813 | D:12     | Reached XP level 12. HP: 92/95 MP: 23/25
 14817 | D:12     | Noticed a centaur warrior
 14824 | D:12     | Killed a centaur warrior
 15031 | D:12     | Noticed a tengu warrior
 15040 | D:12     | Killed a tengu warrior
 15394 | D:12     | Reached skill level 1 in Polearms
 15449 | D:12     | Found a portal to a secret trove of treasure.
 15839 | D:12     | Noticed a centaur warrior
 15848 | D:12     | Killed a centaur warrior
 15848 | D:12     | Reached skill level 10 in Spellcasting
 16039 | D:13     | Found a frozen archway.
 16068 | D:13     | Reached skill level 5 in Polearms
 16109 | IceCv    | Entered an ice cave
 16566 | IceCv    | Reached XP level 13. HP: 21/101 MP: 7/27
 16897 | IceCv    | Noticed a reaper
 16914 | IceCv    | Killed a reaper
 16914 | IceCv    | Reached skill level 10 in Dodging
 17082 | IceCv    | Got a brightly glowing demon whip
 17542 | D:13     | Noticed Erolcha
 17561 | D:13     | Paralysed by Erolcha for 2 turns
 17566 | D:13     | Killed Erolcha
 18128 | D:13     | Identified the +7 demon whip of the Fool {flame, Str+4} (You found it in an ice cave)
 18285 | D:9      | Bought a +2 war axe of flaming for 219 gold pieces
 18285 | D:9      | Bought a +6 glaive of protection for 477 gold pieces
 18295 | D:9      | Upgraded the game from 0.21-a0-127-g329daca to 0.21-a0-128-gf2b353c
 18295 | D:9      | Reached skill level 12 in Armour
 18295 | D:9      | Upgraded the game from 0.21-a0-128-gf2b353c to 0.21-a0-135-g8dc100c
 18673 | D:14     | Reached skill level 13 in Armour
 18690 | D:13     | Upgraded the game from 0.21-a0-135-g8dc100c to 0.21-a0-137-g951aa02
 18723 | D:14     | Reached skill level 10 in Evocations
 18854 | D:14     | Found a gate to the Vaults.
 18877 | D:14     | HP: 4/101 [enchanted long sword (4)]
 18881 | D:14     | Slain by an enchanted long sword

Vault maps used:
D:1:      saegor_arrival_simple_b
D:2:      uniq_sigmund
D:3:      first_bread, lemuel_angel_altar, uniq_crazy_yiuf_cottage
D:4:      grunt_dithmenos_smoke_and_mirrors
D:5:      nicolae_overflow_quartered_altars, nicolae_temple_entry_ecumenical,
          basic_altar, uniq_menkaure
D:6:      marbit_many_paths, fedhas_altar_3
D:7:      corexii_leaking_fountain, grunt_livestock, nemelex_altar_shiori
D:8:      serial_shops, shop, st_stairs_8, okawaru_ov_weapons_minmay
D:9:      erik_lair_orcish_takeover, uniq_pikel
D:10:     nicolae_good_shop
D:11:     serial_shops, shop
D:12:     minmay_the_grid_square_5x5_3x3, orc_david_3, serial_shops,
          nicolae_shop_statue_plus, nicolae_trove_entry_crossroad
D:13:     serial_ice, serial_ice_b, serial_ice_g, serial_ice_o, serial_ice_a,
          serial_ice_l, serial_ice_d, portal_ice_cave_entry_imps, uniq_erolcha
D:14:     erik_vaults_1, nicolae_twisting_strands
Temple:   lightli_temple_of_artemis
IceCv:    ice_cave_small_demon

Skill      XL: |  1  2  3  4  5  6  7  8  9 10 11 12 13 |
---------------+----------------------------------------+-----
Dodging        | 1 2 3 5 6 7 8 9 12 | 12.0
Armour         | 1 2 4 5 6 8 9 10 13 | 13.3
Fighting       | 1 2 4 5 7 8 9 |  9.5
Spellcasting   | 5 8 9 10 12 | 12.5
Short Blades   | 4 7 |  7.2
Long Blades    | 3 7 8 |  8.4
Evocations     | 6 8 10 | 10.3
Polearms       | 6 8 |  8.0
Throwing       | 2 |  2.6
Ice Magic      | 6 |  6.6
Earth Magic    | |  1.3

Action                   |  1- 3 |  4- 6 |  7- 9 | 10-12 | 13-15 || total
-------------------------+-------+-------+-------+-------+-------++-------
Melee: Whip              |    56 |       |       |       |       ||    56
       Club              |    15 |       |       |       |       ||    15
       Bite              |    13 |    18 |    51 |    99 |    18 ||   199
       Short sword       |    26 |       |       |       |       ||    26
       Dagger            |    81 |   171 |   420 |   250 |       ||   922
       Quarterstaff      |       |       |    33 |     6 |       ||    39
       Long sword        |       |       |       |   560 |   269 ||   829
       Bardiche          |       |       |       |       |    10 ||    10
       War axe           |       |       |       |       |     7 ||     7
Throw: Stone             |       |       |       |     1 |       ||     1
 Cast: Freeze            |       |     4 |       |       |       ||     4
       Throw Frost       |       |       |     9 |       |       ||     9
Invok: Call Merchant     |       |       |     1 |     1 |       ||     2
       Potion Petition   |       |       |       |       |     1 ||     1
Evoke: Wand              |       |       |    31 |    10 |     2 ||    43
       Sack of spiders   |       |       |       |     3 |       ||     3
  Use: Scroll            |     7 |     4 |     9 |    14 |     5 ||    39
       Potion            |     2 |     3 |     1 |     4 |     4 ||    14
 Stab: Confused          |       |       |     7 |       |       ||     7
       Distracted        |       |       |     1 |     6 |       ||     7
       Paralysed         |       |       |       |     3 |       ||     3
  Eat: Chunk             |     3 |     8 |     6 |       |       ||    17
       Fruit             |       |       |     5 |       |       ||     5
       Bread ration      |       |       |     1 |     2 |     1 ||     4
       Royal jelly       |       |       |     4 |     6 |     2 ||    12
Armor: Ring mail         |    65 |    59 |   157 |   332 |     7 ||   620
       Robe              |     1 |       |       |       |       ||     1
       Ice dragon scales |       |       |       |       |   187 ||   187
       Skin              |       |       |       |       |     4 ||     4
Dodge: Dodged            |   121 |   119 |   250 |   587 |   156 ||  1233
       Rpst.: Long sword |       |       |       |   116 |    35 ||   151
